 Dungeon Crawl Stone Soup version 0.21-a0-267-ga5fc350 (webtiles) character file.

39822 CanOfBees the Severer (level 13, -4/128 HPs)
             Began as a Minotaur Berserker on Sept 12, 2017.
             Was a High Priest of Trog.
             Slain by Akrius's ghost (39 damage)
             ... on level 6 of the Lair of Beasts.
             The game lasted 00:43:19 (19376 turns).

CanOfBees the Severer (Minotaur Berserker)         Turns: 19376, Time: 00:43:20

Health: -4/128     AC: 23    Str: 27    XL:     13   Next: 71%
Magic:  12/12      EV: 12    Int:  4    God:    Trog [*****.]
Gold:   1014       SH:  0    Dex: 10    Spells: 12/12 levels left

rFire    . . .     SeeInvis .   t - +4 battleaxe (freeze)
rCold    . . .     Gourm    .   (shield currently unavailable)
rNeg     . . .     Faith    .   W - +6 chain mail of Charity {rElec}
rPois    .         Spirit   .   (helmet restricted)
rElec    +         Reflect  .   C - +0 cloak
rCorr    .         Harm     .   o - +0 pair of gloves
MR       ++...                  O - +2 pair of boots
Stlth    ..........             (no amulet)
HPRegen  0.31/turn              A - ring of protection from magic
MPRegen  0.13/turn              V - +1 ring of evasion

@: lethally poisoned (-4 -> -6)
A: retaliatory headbutt, horns 2, magic resistance 1, evolution 2
a: Berserk, Trog's Hand, Brothers in Arms, Burn Spellbooks, Renounce Religion


You were on level 6 of the Lair of Beasts.
You worshipped Trog.
Trog was extremely pleased with you.
You were hungry.

You visited 2 branches of the dungeon, and saw 17 of its levels.
You also visited: Ossuary.

You collected 1173 gold pieces.
You spent 159 gold pieces at shops.

Inventory:

Hand Weapons
 m - a +0 hunting sling
 t - a +4 battleaxe of freezing (weapon)
 D - the +6 quick blade of Righteous Anger {pierce, rN+}
   (Trog gifted it to you on level 1 of the Lair of Beasts)

   It inflicts extra damage upon your enemies.
   It protects you from negative energy.
 F - a +3 broad axe of freezing
 M - a +0 halberd of holy wrath
Missiles
 a - 146 sling bullets
 e - 16 tomahawks
 K - 3 poisoned tomahawks (quivered)
Armour
 o - a +0 pair of gloves (worn)
 y - a +2 shield
 C - a +0 cloak (worn)
 O - a +2 pair of boots (worn)
 W - the +6 chain mail of Charity (worn) {rElec}
   (You found it on level 11 of the Dungeon)

   It insulates you from electricity.
Jewellery
 i - an uncursed ring of flight
 z - an uncursed ring of poison resistance
 A - a ring of protection from magic (left hand)
 E - an uncursed amulet of regeneration {unknown}
 V - a +1 ring of evasion (right hand)
Wands
 b - a wand of enslavement (12/24)
 g - a wand of flame (26/48)
 n - a wand of polymorph (16/24)
 B - a wand of disintegration (5/24)
 P - a wand of flame (0/48)
 R - a wand of paralysis (10/24)
 U - a wand of acid (4/15)
 X - a wand of confusion (13/48)
Scrolls
 h - 6 scrolls of blinking
 k - 4 scrolls of immolation
 p - a scroll of silence {unknown}
 q - a scroll of holy word
 r - 15 scrolls of remove curse
 H - 10 scrolls of teleportation
 I - 5 scrolls of recharging
 J - 3 scrolls of fear
 Q - 3 scrolls of fog
 S - 2 scrolls of magic mapping
 T - a scroll of brand weapon
 Z - a scroll of torment
Potions
 f - 8 potions of curing
 j - 2 potions of heal wounds
 l - 5 potions of haste
 s - 3 potions of cancellation
 v - 3 potions of invisibility
 w - 2 potions of brilliance
 G - 4 potions of agility
 L - 2 potions of flight {unknown}
 N - a potion of resistance {unknown}
 Y - a potion of ambrosia {unknown}
Comestibles
 c - 9 bread rations
 d - 2 chunks of flesh
 u - 7 meat rations
 x - 16 fruits


   Skills:
 * Level 15.7 Fighting
 * Level 15.9 Axes
 + Level 9.9 Armour
 + Level 7.1 Dodging
 - Level 12.0 Shields


You had 12 spell levels left.
You didn't know any spells.

Dungeon Overview and Level Annotations

Branches:
Dungeon (11/15)            Temple (0/1) D:6            Lair (6/6) D:9
  Swamp (0/4) Lair:2       Spider (0/4) Lair:3
  Slime: Lair:5-6       Orc: D:9-12

Altars:
Ashenzari
Dithmenos
Fedhas
Gozag
Hepliaklqana
Makhleb
Sif Muna

Shops:
D:5 *   D:6 ?

Annotations:
Lair:6 Akrius's ghost, journeyman MiMo


Innate Abilities, Weirdness & Mutations

You reflexively headbutt those who attack you in melee.
You have a pair of horns on your head.
You are resistant to hostile enchantments. (MR+)
You rapidly evolve.


Message History

Akrius's ghost is moderately damaged.
Akrius's ghost shrieks, "They lied to you.
The Dungeon just goes down and down forever."
Akrius's ghost hits you!!
* * * LOW HITPOINT WARNING * * *
Akrius's ghost burns you!
* * * LOW HITPOINT WARNING * * *
You feel much better.
You feel sick.
Akrius's ghost hits you but does no damage.
Your troll goes berserk!
You feel quite a bit more hungry.
You feel sick. Akrius's ghost hits you!!
* * * LOW HITPOINT WARNING * * *
Akrius's ghost burns you.
* * * LOW HITPOINT WARNING * * *
You feel sick.
You feel much better.
Your troll barely misses Akrius's ghost.
Your troll claws Akrius's ghost but does no damage.
Your troll completely misses Akrius's ghost.
Akrius's ghost hits you!!!
You die...

#......P .. ..
#....P# ..#.
##..#<.# .#.##
#......### ....##
#......#.# .....#
#...P...#### .....
##..##..###P# ##S.#
##...##.##...###W†##
#........###..#@.T.#
.....[...##.......##
P........#.......#.#
.#....#..##...######
#........#÷#....#
##......#..####..#
......P.#### ..#
......... #.#
......#PP ...


You could see a water moccasin, Akrius's ghost and a friendly troll (berserk).

Vanquished Creatures
  Josephine (Lair:4)
  3 hydras
  An ugly thing (D:11)
  8 elephants
  Maurice (D:8)
  3 black mambas
  The ghost of boo the Shooter, a novice HuHu (Ossuary)
  3 rime drakes
  7 spiny frogs
  2 centaur skeletons (D:11)
  4 komodo dragons
  2 trolls (D:11)
  A polar bear (Lair:5)
  A jumping spider (Lair:3)
  A hornet (D:11)
  Prince Ribbit (D:7)
  9 hippogriffs
  18 blink frogs
  5 dream sheep (Lair:5)
  Sigmund (D:2)
  2 shadows (D:11)
  28 yaks
  4 wraiths (Lair:4)
  Grum (D:9)
  A wyvern (Lair:2)
  3 basilisks
  Eustachio (D:4)
  An acid dragon (D:11)
  17 water moccasins
  5 swamp worms (Lair:2)
  Duvessa (D:7)
  7 porcupines
  3 sky beasts
  8 orc warriors
  5 phantoms
  3 ice beasts
  A black bear (D:6)
  2 ogres (D:4)
  A boggart (D:11)
  34 wolves
  8 centaurs
  8 crocodiles
  A big kobold (D:10)
  2 gnoll sergeants (D:8)
  14 bullfrogs
  Blork the orc (D:6)
  Dowan (D:7)
  2 scorpions
  6 killer bees (D:8)
  An electric eel (Lair:2)
  2 howler monkeys
  6 crimson imps
  3 bullfrog zombies
  11 orc wizards
  6 orc priests
  Crazy Yiuf (D:7)
  10 hounds
  2 jellies
  A bullfrog skeleton (D:11)
  An iguana (D:6)
  9 worker ants
  4 hell rats (Lair:2)
  A killer bee zombie (D:6)
  A hound skeleton (D:4)
  3 mummies (Ossuary)
  A howler monkey zombie (D:8)
  3 worker ant zombies
  Robin (D:2)
  23 gnolls
  8 adders
  A shadow imp (D:9)
  An adder skeleton (D:5)
  3 adder zombies (Ossuary)
  2 worms
  5 dart slugs
  7 leopard geckos
  34 orcs
  6 bats
  7 giant cockroaches
  12 goblins
  11 hobgoblins
  7 jackals
  3 quokkas
  3 ball pythons
  7 frilled lizards
  2 gnoll zombies (Ossuary)
  2 goblin zombies (Ossuary)
  3 hobgoblin zombies (Ossuary)
  15 kobolds
  3 kobold zombies (Ossuary)
  2 leopard gecko skeletons
  2 quokka zombies (Ossuary)
  5 rats
  3 rat zombies (Ossuary)
  3 fungi
  3 plants (D:8)
494 creatures vanquished.

Vanquished Creatures (collateral kills)
  Snorg (Lair:4)
  A hydra (Lair:4)
  3 elephants (Lair:5)
5 creatures vanquished.

Vanquished Creatures (others)
  4 fungi
  A plant (D:11)
5 creatures vanquished.

Grand Total: 504 creatures vanquished

Notes
Turn   | Place    | Note
-------+----------+-------------------------------------------
     0 | D:1      | CanOfBees the Minotaur Berserker began the quest for the Orb.
     0 | D:1      | Reached XP level 1. HP: 19/19 MP: 0/0
   553 | D:1      | Reached XP level 2. HP: 26/27 MP: 1/1
  1713 | D:2      | Noticed Robin
  1716 | D:2      | Reached XP level 3. HP: 23/33 MP: 2/2
  1722 | D:2      | Reached ** piety under Trog
  1725 | D:2      | Killed Robin
  1910 | D:2      | Found a blossoming altar of Fedhas.
  1915 | D:2      | Found a burning altar of Makhleb.
  1919 | D:2      | Found an opulent altar of Gozag.
  1920 | D:2      | Noticed Sigmund
  1922 | D:2      | Found a hazy altar of Hepliaklqana.
  1933 | D:2      | Killed Sigmund
  1933 | D:2      | Reached skill level 5 in Fighting
  1933 | D:2      | Reached skill level 5 in Axes
  1933 | D:2      | Reached XP level 4. HP: 42/42 MP: 3/3
  1933 | D:2      | Reached XP level 5. HP: 48/48 MP: 4/4
  3628 | D:3      | Reached XP level 6. HP: 55/56 MP: 5/5
  4219 | D:4      | Reached *** piety under Trog
  4377 | D:4      | Reached XP level 7. HP: 46/63 MP: 6/6
  4433 | D:4      | Noticed Eustachio
  4479 | D:4      | Killed Eustachio
  4479 | D:4      | Reached skill level 5 in Dodging
  5337 | D:4      | You fall through a shaft for 2 floors!
  5383 | D:6      | Reached XP level 8. HP: 63/73 MP: 7/7
  5658 | D:6      | Noticed Blork the orc
  5676 | D:6      | Killed Blork the orc
  5676 | D:6      | Reached skill level 5 in Armour
  5677 | D:6      | Found Weuzere's Magic Scroll Emporium.
  5705 | D:6      | Found a staircase to the Ecumenical Temple.
  5708 | D:6      | Bought a scroll of noise for 12 gold pieces
  5708 | D:6      | Bought a scroll of identify for 24 gold pieces
  5708 | D:6      | Bought a scroll of enchant weapon for 90 gold pieces
  5857 | D:5      | Entered Level 5 of the Dungeon
  6356 | D:5      | Found Jushuw's Serpentskin Sales.
  6378 | D:5      | Bought 3 poisoned tomahawks for 33 gold pieces
  6454 | D:5      | Reached XP level 9. HP: 83/83 MP: 8/8
  6756 | D:5      | Reached **** piety under Trog
  7121 | D:6      | Found a deep blue altar of Sif Muna.
  7427 | D:7      | Received a gift from Trog
  8044 | D:7      | Noticed Prince Ribbit
  8068 | D:7      | Killed Prince Ribbit
  8337 | D:7      | Noticed Duvessa
  8348 | D:7      | Noticed Dowan
  8350 | D:7      | Killed Duvessa
  8350 | D:7      | Reached skill level 10 in Fighting
  8350 | D:7      | Reached skill level 10 in Axes
  8358 | D:7      | Killed Dowan
  8542 | D:7      | Found a runed door.
  8546 | D:7      | Noticed Crazy Yiuf
  8551 | D:7      | Killed Crazy Yiuf
  8807 | D:8      | Found a shattered altar of Ashenzari.
  8903 | D:8      | Found a sand-covered staircase.
  8907 | Ossuary  | Entered an ossuary
  8956 | Ossuary  | Noticed boo's ghost (novice HuHu)
  8982 | Ossuary  | Killed boo's ghost
  9181 | D:8      | You fall through a shaft for 3 floors!
  9249 | D:11     | Reached XP level 10. HP: 94/94 MP: 9/9
  9389 | D:11     | Reached ***** piety under Trog
  9631 | D:11     | Noticed a green ugly thing
  9631 | D:11     | Noticed a six-headed hydra
  9631 | D:11     | Noticed a centaur warrior
  9641 | D:11     | Killed a green ugly thing
  9919 | D:11     | Got a twisted chain mail
  9935 | D:10     | Entered Level 10 of the Dungeon
 10275 | D:8      | Found a shadowy altar of Dithmenos.
 10415 | D:8      | Noticed Maurice
 10676 | D:8      | Reached XP level 11. HP: 105/105 MP: 10/10
 10817 | D:8      | Identified the +6 chain mail of Charity {rElec} (You found it on level 11 of the Dungeon)
 11009 | D:8      | Killed Maurice
 11557 | D:9      | Reached skill level 1 in Shields
 11563 | D:9      | Found a staircase to the Lair.
 11576 | D:9      | Noticed Grum
 11592 | D:9      | Killed Grum
 12122 | D:9      | Found a deep blue altar of Sif Muna.
 12889 | Lair:1   | Entered Level 1 of the Lair of Beasts
 12906 | Lair:1   | Received a gift from Trog
 12922 | Lair:1   | Got a warped quick blade {god gift}
 12923 | Lair:1   | Identified the +6 quick blade of Righteous Anger {pierce, rN+} (Trog gifted it to you on level 1 of the Lair of Beasts)
 13014 | Lair:1   | Noticed a seven-headed hydra
 13025 | Lair:1   | Killed a seven-headed hydra
 13025 | Lair:1   | Reached skill level 5 in Shields
 14191 | Lair:2   | Reached XP level 12. HP: 104/115 MP: 11/11
 14240 | Lair:2   | Noticed a seven-headed hydra
 14252 | Lair:2   | Killed a seven-headed hydra
 14796 | Lair:2   | Found a staircase to the Swamp.
 15321 | Lair:3   | Noticed an eight-headed hydra
 15333 | Lair:3   | Killed an eight-headed hydra
 15583 | Lair:3   | Reached skill level 10 in Shields
 15935 | Lair:3   | Found a hole to the Spider Nest.
 16314 | Lair:4   | Noticed Josephine
 16322 | Lair:4   | Killed Josephine
 16459 | Lair:4   | Reached XP level 13. HP: 100/125 MP: 12/12
 16516 | Lair:4   | Gained mutation: You evolve. [potion of mutation]
 16516 | Lair:4   | Gained mutation: You are resistant to hostile enchantments. (MR+) [potion of mutation]
 16878 | Lair:4   | Reached skill level 15 in Axes
 17043 | Lair:4   | Received a gift from Trog
 17111 | Lair:4   | Noticed Snorg
 17122 | Lair:4   | Killed Snorg
 17122 | Lair:4   | Reached skill level 15 in Fighting
 18193 | Lair:5   | Gained mutation: You rapidly evolve. [evolution]
 19328 | Lair:6   | Entered Level 6 of the Lair of Beasts
 19358 | Lair:6   | Noticed Akrius's ghost (journeyman MiMo)
 19376 | Lair:6   | Slain by Akrius's ghost

Vault maps used:
D:1:      onia_arrival_larder
D:2:      grunt_temple_overflow_cloverleaf, uniq_robin, uniq_sigmund
D:3:      first_bread
D:4:      st_stairs_9, uniq_eustachio
D:5:      hangedman_decor_diamond_cutter, guppyfry_shop_venom
D:6:      minmay_temple_entry_trees, serial_shops, shop, basic_altar,
          uniq_blork_the_orc
D:7:      minmay_misc_feat_roman, uniq_duvessa, uniq_crazy_yiuf_cottage,
          uniq_prince_ribbit1
D:8:      kennysheep_housing_project, grunt_dithmenos_shadows,
          lightli_ossuary_entry_decrepit_ruins, nicolae_ashenzari_panopticon,
          uniq_maurice
D:9:      tgw_sif, david_lair_generic, nrook_loot_triangle, uniq_grum
D:10:     serial_bayou_lagoon_a
D:11:     minmay_the_grid_plus_closed, hiddenorc2_lemuel,
          hangedman_pestilent_swarm
Lair:1:   lemuel_fruit_tree, grunt_megastairs_1, infiniplex_staircase_pool
Lair:2:   nicolae_swamp_entry_splash_gauntlet
Lair:3:   spider_nest_entry_rubble, grunt_megastairs_3
Lair:4:   fungi_pond_lemuel, grunt_megastairs_5, uniq_snorg, uniq_josephine
Lair:5:   hibernation_bobbens
Lair:6:   cheibrodos_lair_end_hotspot, minmay_slime_entry_oklob_enclosed,
          serial_bayou_pond_c
Ossuary:  ossuary_minmay_chase

Skill      XL: |  1  2  3  4  5  6  7  8  9 10 11 12 13 |
---------------+----------------------------------------+-----
Axes           | 4 5 6 7 8 10 12 13 14 15 | 15.9
Fighting       | 4 5 6 7 9 10 12 13 14 15 | 15.7
Armour         | 3 4 5 7 8 9 |  9.9
Dodging        | 3 4 6 7 |  7.1
Shields        | 7 11 12 | 12.0

Action                   |  1- 3 |  4- 6 |  7- 9 | 10-12 | 13-15 || total
-------------------------+-------+-------+-------+-------+-------++-------
Melee: Hand axe          |    64 |   128 |    61 |       |       ||   253
       Headbutt          |     7 |    21 |    67 |   123 |    35 ||   253
       Whip              |       |       |   104 |    24 |       ||   128
       Short sword       |       |       |     5 |       |       ||     5
       War axe           |       |       |    72 |    76 |       ||   148
       Halberd           |       |       |    79 |   106 |       ||   185
       Broad axe         |       |       |       |   368 |    46 ||   414
       Quick blade       |       |       |       |    32 |       ||    32
       Battleaxe         |       |       |       |       |   105 ||   105
 Fire: Hunting sling     |       |    10 |    98 |       |       ||   108
Throw: Tomahawk          |     3 |    11 |    13 |     7 |       ||    34
       Stone             |       |     1 |     2 |       |       ||     3
Invok: Berserk           |     1 |       |     1 |       |       ||     2
       Trog's Hand       |     1 |       |     3 |    10 |     2 ||    16
       Burn Spellbooks   |       |       |     2 |     5 |       ||     7
       Brothers in Arms  |       |       |       |       |     3 ||     3
 Abil: Evoke Flight      |       |       |       |     1 |       ||     1
Evoke: Wand              |       |       |     4 |     8 |     1 ||    13
  Use: Scroll            |       |     1 |     3 |    23 |     3 ||    30
       Potion            |       |       |     3 |     2 |     4 ||     9
 Stab: Sleeping          |     1 |       |       |       |       ||     1
       Paralysed         |       |       |       |     6 |       ||     6
       Distracted        |       |       |       |       |     1 ||     1
  Eat: Chunk             |     3 |     9 |    17 |    24 |     7 ||    60
       Fruit             |       |       |     1 |     2 |     1 ||     4
       Royal jelly       |       |       |       |     1 |     1 ||     2
Armor: Animal skin       |    11 |       |       |       |       ||    11
       Plate armour      |       |    55 |   247 |   149 |       ||   451
       Leather armour    |       |    15 |       |       |       ||    15
       Ring mail         |       |     5 |       |       |       ||     5
       Chain mail        |       |       |       |   256 |   142 ||   398
Dodge: Dodged            |    45 |    89 |   181 |   283 |   130 ||   728
Block: Shield            |       |       |       |   273 |    44 ||   317
       Rpst.: Demon blade |       |       |       |     1 |       ||     1

Table legend:
 A = Spawn XP
 B = Non-spawn XP
 C = Spawn XP percentage of total XP
 D = Spawn monster count
 E = Non-spawn monster count
 F = Spawn count percentage of total count
 G = Total turns spent on level
                    A         B        C        D         E        F      G
               +---------+---------+-------+---------+---------+-------+---------
         Total |       0 |   56889 |   0.0 |       0 |     493 |   0.0 | 19376
               +---------+---------+-------+---------+---------+-------+---------
           D:1 |       0 |      33 |   0.0 |       0 |      19 |   0.0 |  1865
           D:2 |       0 |     303 |   0.0 |       0 |      31 |   0.0 |  1445
           D:3 |       0 |     102 |   0.0 |       0 |      24 |   0.0 |   733
           D:4 |       0 |     853 |   0.0 |       0 |      27 |   0.0 |  1558
           D:5 |       0 |     858 |   0.0 |       0 |      23 |   0.0 |   926
           D:6 |       0 |    1092 |   0.0 |       0 |      21 |   0.0 |   898
           D:7 |       0 |    1097 |   0.0 |       0 |      18 |   0.0 |  1344
           D:8 |       0 |    2904 |   0.0 |       0 |      56 |   0.0 |  1626
           D:9 |       0 |    2513 |   0.0 |       0 |      29 |   0.0 |   806
          D:10 |       0 |     679 |   0.0 |       0 |      14 |   0.0 |   769
          D:11 |       0 |    4244 |   0.0 |       0 |      31 |   0.0 |   754
        Lair:1 |       0 |    4085 |   0.0 |       0 |      16 |   0.0 |   976
        Lair:2 |       0 |    6144 |   0.0 |       0 |      32 |   0.0 |  1303
        Lair:3 |       0 |    9506 |   0.0 |       0 |      45 |   0.0 |  1136
        Lair:4 |       0 |   11127 |   0.0 |       0 |      42 |   0.0 |  1806
        Lair:5 |       0 |   10096 |   0.0 |       0 |      39 |   0.0 |  1218
        Lair:6 |       0 |     761 |   0.0 |       0 |       4 |   0.0 |    48
       Ossuary |       0 |     492 |   0.0 |       0 |      22 |   0.0 |   165
               +---------+---------+-------+---------+---------+-------+---------
